 Dungeon Crawl Stone Soup version 0.19.0-19-g8c6edcc (webtiles) character file.

558 dobroeutro the Cleaver (level 7, -2/57 HPs)
             Began as a Minotaur Berserker on Nov 13, 2016.
             Was a Priest of Trog.
             Slain by a gnoll
             ... wielding a +0 spear
              (8 damage)
             ... on level 5 of the Dungeon.
             The game lasted 00:04:18 (3119 turns).

dobroeutro the Cleaver (Minotaur Berserker)         Turns: 3119, Time: 00:04:18

Health: -2/57      AC:  3    Str: 26    XL:     7   Next: 9%
Magic:  6/6        EV: 12    Int:  4    God:    Trog [***...]
Gold:   176        SH:  0    Dex: 12    Spells: 0 memorised, 6 levels left

rFire  . . .     SeeInvis .     i - +0 hand axe (chop)
rCold  . . .     Gourm    .     s - +0 robe {rN+}
rNeg   + . .     Faith    .     (no shield)
rPois  .         Spirit   .     (helmet restricted)
rElec  .         Reflect  .     n - +0 cloak
rCorr  .         Harm     .     (no gloves)
MR     .....                    (no boots)
Stlth  +.........               (no amulet)
                                p - +2 ring of dexterity
                                e - +3 ring of strength

@: exhausted, slowed, drained, very slow
A: retaliatory headbutt, horns 2
a: Berserk, Trog's Hand, Burn Spellbooks, Renounce Religion


You were on level 5 of the Dungeon.
You worshipped Trog.
Trog was most pleased with you.
You were near starving.

You visited 1 branch of the dungeon, and saw 5 of its levels.

You collected 176 gold pieces.

Inventory:

Hand Weapons
 i - a +0 hand axe of chopping (weapon)
Armour
 n - a +0 cloak (worn)
 s - a +0 robe of positive energy (worn)
Jewellery
 e - a +3 ring of strength (left hand)
 f - an uncursed ring of see invisible
 p - a +2 ring of dexterity (right hand)
Wands
 m - a wand of iceblast (10/15)
Scrolls
 a - 4 scrolls of identify {unknown}
 b - a scroll of remove curse
 r - a scroll of fear {unknown}
Potions
 d - a potion of curing
 g - 2 potions of brilliance {unknown}
 h - a potion of magic {unknown}
 j - 2 potions of flight
 k - a potion of agility {unknown}
 l - a potion of lignification {unknown}
 q - a potion of ambrosia {unknown}
Comestibles
 c - 4 bread rations
 o - a meat ration


   Skills:
 - Level 3.6(3.3) Fighting
 + Level 9.7(9.4) Axes
 - Level 2.4(2.1) Armour
 - Level 2.1(1.9) Dodging


You had 6 spell levels left.
You didn't know any spells.

Dungeon Overview and Level Annotations

Branches:
Dungeon (5/15)             Temple (0/1) D:4

Altars:
Dithmenos
Kikubaaqudgha
Ru
Xom

Annotations:
D:5 no0bjke's ghost, novice DrCj


Innate Abilities, Weirdness & Mutations

You reflexively headbutt those who attack you in melee.
You have a pair of horns on your head.


Message History

The gnoll hits you from afar with a spear.
No0bjke's ghost breathes negative energy at you.
The bolt of negative energy hits you! You partially resist.
You feel drained.
No0bjke's ghost takes aim.
A gnoll and a gnoll sergeant come into view.
No0bjke's ghost closely misses you. You furiously retaliate!
You headbutt no0bjke's ghost, but do no damage.
The gnoll hits you from afar with a spear.
* * * LOW HITPOINT WARNING * * *
You see here a tomahawk.
The gnoll shouts!
No0bjke's ghost stares at you. No0bjke's ghost casts a spell at you.
The magic dart hits you!
* * * LOW HITPOINT WARNING * * *
No0bjke's ghost points at you and mumbles some strange words.
The magic dart hits you!
* * * LOW HITPOINT WARNING * * *
The gnoll hits you from afar with a spear!
You die...

#. #..# .#...$...
.#...#..##
.........
#...#..# ......#
####.##)## #
#....#g..##.##.##
#.@.W#..)......
#.##g..####.#.#
... ##......
..... ...###.g.
##...)..... ..
##.#..##.## #.#..
#.# #.#. .#


You could see no0bjke's ghost and 2 gnolls.

Vanquished Creatures
  The ghost of zkyp the Skirmisher, an amateur TeHu of Lugonu (D:3)
  2 ogres (D:4)
  Jessica (D:3)
  Ijyb (D:3)
  2 iguanas
  A worker ant (D:4)
  Robin (D:2)
  A gnoll (D:5)
  A howler monkey skeleton (D:4)
  3 adders
  An ooze (D:4)
  An adder skeleton (D:4)
  2 worms (D:3)
  3 leopard geckos
  3 orcs
  5 bats
  3 giant cockroaches (D:3)
  10 goblins
  11 hobgoblins
  7 jackals
  9 kobolds
  A ball python (D:2)
  3 frilled lizards
  4 rats
77 creatures vanquished.

Notes
Turn   | Place    | Note
-------+----------+-------------------------------------------
     0 | D:1      | dobroeutro the Minotaur Berserker began the quest for the Orb.
     0 | D:1      | Reached XP level 1. HP: 19/19 MP: 0/0
   407 | D:1      | Reached skill level 4 in Axes
   556 | D:1      | Reached XP level 2. HP: 19/26 MP: 1/1
   827 | D:2      | Noticed Robin
   834 | D:2      | Reached skill level 5 in Axes
   839 | D:2      | Killed Robin
   839 | D:2      | Reached XP level 3. HP: 31/31 MP: 2/2
   960 | D:2      | Reached ** piety under Trog
  1048 | D:2      | Found a shimmering altar of Xom.
  1048 | D:2      | Found a shimmering altar of Xom.
  1050 | D:2      | Found a shimmering altar of Xom.
  1050 | D:2      | Found a shimmering altar of Xom.
  1051 | D:2      | Found a shimmering altar of Xom.
  1051 | D:2      | Found a shimmering altar of Xom.
  1184 | D:2      | Found a shadowy altar of Dithmenos.
  1326 | D:3      | Reached XP level 4. HP: 19/39 MP: 3/3
  1336 | D:3      | Reached skill level 6 in Axes
  1375 | D:3      | Noticed Jessica
  1379 | D:3      | Killed Jessica
  1446 | D:3      | Found a sacrificial altar of Ru.
  1589 | D:3      | Noticed Ijyb
  1594 | D:3      | Killed Ijyb
  1594 | D:3      | Reached skill level 7 in Axes
  1594 | D:3      | Reached XP level 5. HP: 45/45 MP: 4/4
  1600 | D:3      | Noticed zkyp's ghost (amateur TeHu)
  1605 | D:3      | Killed zkyp's ghost
  1605 | D:3      | Reached skill level 8 in Axes
  1605 | D:3      | Reached XP level 6. HP: 51/51 MP: 5/5
  1779 | D:3      | Found an ancient bone altar of Kikubaaqudgha.
  1779 | D:3      | Noticed a human
  1954 | D:3      | Reached *** piety under Trog
  2085 | D:4      | Found a staircase to the Ecumenical Temple.
  2354 | D:4      | Reached skill level 9 in Axes
  2356 | D:4      | HP: 2/51 [poisoned by a worker ant]
  2894 | D:4      | Reached XP level 7. HP: 56/57 MP: 6/6
  3104 | D:5      | Entered Level 5 of the Dungeon
  3112 | D:5      | Noticed no0bjke's ghost (novice DrCj)
  3119 | D:5      | Slain by a gnoll

Skill      XL: |  1  2  3  4  5  6 |
---------------+-------------------+-----
Axes           | 4 5 7 8 9 |  9.7
Fighting       | |  3.6
Armour         | |  2.4
Dodging        | |  2.1

Action                   |  1- 3 |  4- 6 |  7- 9 || total
-------------------------+-------+-------+-------++-------
Melee: Hand axe          |    72 |    78 |     6 ||   156
       Headbutt          |     4 |    16 |     2 ||    22
Invok: Berserk           |     1 |     4 |     1 ||     6
  Use: Scroll            |       |     5 |       ||     5
       Potion            |       |     2 |       ||     2
  Eat: Chunk             |     2 |     9 |       ||    11
Armor: Animal skin       |     6 |     1 |       ||     7
       Robe              |       |     5 |       ||     5
Dodge: Dodged            |    47 |    34 |     6 ||    87
